AoeStats
← 你备用金还了吗

Arena

506621710Analyzed
1v1 RM · 16d ago on Sep 14, 2026· 54m 10s· 2 players
Game mode
Random Map
Map size
Tiny (2 player)
Population
200
Speed
Normal
Resources
Standard
Victory
Conquest
Starting age
Dark Age
Ending age
Imperial Age
RankedLock teamsTeams togetherTeam positionsShared explorationLock speedFull tech treeHidden civsTurbo modeCheats
Victory
Defeat
🇨🇳 Slavs · China
673
+13
🇷🇺 Inca · Russia
602
-13
CHILLDEN
0:27 Loom
10:09 Feudal Age
11:26 Double-Bit Axe
11:25 Horse Collar
12:26 Wheelbarrow
18:30 Castle Age
18:28 Scale Mail Armor
18:18 Fletching
19:40 Stone Mining
20:09 Elite Skirmisher
23:51 Crossbowman
24:36 Thumb Ring
26:04 Ballistics
31:54 Imperial Age
31:39 Bodkin Arrow
32:07 Forging
34:06 Bracer
38:47 Chain Mail Armor
39:08 Iron Casting
38:35 Padded Archer Armor
38:29 Gold Mining
39:49 Arbalester
50:29 Iron Casting
51:01 Elite Kamayuk
52:07 Capped Ram
你备用金还了吗
8:48 Loom
10:52 Feudal Age
14:06 Horse Collar
16:56 Castle Age
16:00 Man-at-Arms
18:02 Forging
25:23 Squires
26:49 Double-Bit Axe
27:08 Heavy Plow
26:41 Long Swordsman
31:34 Wheelbarrow
31:43 Guard Tower
31:51 Murder Holes
36:10 Imperial Age
35:08 Hand Cart
38:13 Iron Casting
37:39 Padded Archer Armor
37:42 Scale Mail Armor
37:35 Capped Ram
37:36 Onager
37:50 Two-Handed Swordsman
38:27 Siege Ram
38:35 Onager
39:27 Champion
42:42 Blast Furnace
41:59 Chain Mail Armor
42:25 Conscription
48:40 Elite Boyar
51:25 Crop Rotation
51:06 Bow Saw
52:28 Masonry
52:39 Ballistics
53:21 Chemistry
Connection lost

Rejoining the realm…

Still unreachable

The connection could not be restored.

Session expired

The server has moved on; the page needs a fresh start.